 Dungeon Crawl Stone Soup version 0.19-a0-261-g60b6c46 (webtiles) character file.

100 AlphabetPasta the Grave Robber (level 4, -2/32 HPs)
             Began as a Deep Dwarf Necromancer on May 26, 2016.
             Slain by Purgy (5 damage)
             ... on level 3 of the Dungeon.
             The game lasted 00:12:03 (2310 turns).

AlphabetPasta the Grave Robber (DDNe)               Turns: 2310, Time: 00:12:04

Health: -2/32      AC:  1    Str: 12    XL:     4   Next: 46%
Magic:  0/7        EV: 12    Int: 16    God:
Gold:   144        SH:  0    Dex: 13    Spells: 3 memorised, 3 levels left

rFire  . . .     SeeInvis .     f - +0 hand axe
rCold  . . .     Gourm    .     a - +0 robe
rNeg   . . .     Faith    .     (no shield)
rPois  .         Spirit   .     (no helmet)
rElec  .         Dismiss  .     (no cloak)
rCorr  .         Reflect  .     (no gloves)
SustAt .         Harm     .     (no boots)
MR     .....                    (no amulet)
Stlth  ++........               (no ring)
                                (no ring)

@: very slightly contaminated, non-regenerating, not resistant to hostile
enchantments, unstealthy
A: damage resistance, recharge devices, deformed body, frail 1, low mp 1, sense
surroundings 1, slow regeneration 3
a: Device Recharging


You were on level 3 of the Dungeon.
You were not hungry.

You visited 1 branch of the dungeon, and saw 3 of its levels.

You collected 144 gold pieces.

Inventory:

Hand Weapons
 f - a +0 hand axe (weapon)
Armour
 a - a +0 robe (worn)
Jewellery
 h - a cursed ring of loudness {unknown}
 i - a cursed ring of see invisible {unknown}
Wands
 c - a wand of heal wounds (0/9)
Scrolls
 l - a scroll of magic mapping {unknown}
 n - a scroll of identify {unknown}
 o - 2 scrolls of remove curse {unknown}
Potions
 e - a potion of brilliance {unknown}
 g - a potion of lignification {unknown}
 k - a potion of mutation
 p - a potion of flight {unknown}
Books
 b - a book of Necromancy

   Spells                             Type                      Level
   a - Pain                           Necromancy                   1
   b - Animate Skeleton               Necromancy                   1
   c - Vampiric Draining              Necromancy                   3
   d - Regeneration                   Charms/Necromancy            3
   e - Animate Dead                   Necromancy                   4
   f - Control Undead                 Necromancy                   4
Comestibles
 d - 4 bread rations
 j - a slice of pizza
 m - 3 meat rations


   Skills:
 + Level 1.9 Axes
 - Level 2.1 Dodging
 - Level 2.4 Stealth
 + Level 2.5 Spellcasting
 * Level 5.5 Necromancy


You had 3 spell levels left.
You knew the following spells:

 Your Spells              Type           Power        Failure   Level  Hunger
a - Pain                  Necr           ###.         1%          1    #......
b - Animate Skeleton      Necr           N/A          1%          1    #......
c - Vampiric Draining     Necr           ###.......   8%          3    ###....


Dungeon Overview and Level Annotations

Branches:
Dungeon (3/15)

Altars:
Ru
Ukayaw

Annotations:
D:3 Purgy


Innate Abilities, Weirdness & Mutations

You are resistant to damage.
You can recharge devices by infusing magical energy.
You passively map a small area around you.
You do not regenerate naturally.
Armour fits poorly on your strangely shaped body.
You are frail. (-10% HP)
Your magical capacity is low. (-10% MP)


Message History

Purgy is severely wounded.
Purgy barely misses you. Purgy claws you. x2
You hit Purgy.
Purgy is severely wounded.
Purgy closely misses you. Purgy barely misses you. Purgy claws you.
You closely miss Purgy.
Purgy is severely wounded.
Purgy bites you.
* * * LOW HITPOINT WARNING * * *
Purgy claws you.
* * * LOW HITPOINT WARNING * * *
Purgy claws you. Purgy bites you.
* * * LOW HITPOINT WARNING * * *
Purgy closely misses you. Purgy claws you.
* * * LOW HITPOINT WARNING * * *
Drink which item? (? for menu, Esc to quit)
It was a potion of mutation.
You feel extremely strange.
Your body twists and deforms.
You feel less energetic.
You feel frail. Purgy bites you!
You die...

* S8##..# , ,
,......# * , *
......# ......#
(.....# , *
......# > ,
#####......# * *
#..@TS...... * *
#####.###.......
, * ,...#.#
.......
###.###.#.#
....... ,
..........#
....... *
##.###.###
....... ,, , #
#.# *####### * *
, #.###.#
#..<..#


You could see Purgy and an adder.

Vanquished Creatures
  An orc wizard (D:2)
  2 adders (D:2)
  An ooze (D:2)
  A worm (D:2)
  2 giant geckos
  2 giant cockroaches
  5 goblins
  6 hobgoblins
  3 jackals (D:1)
  2 quokkas (D:2)
  2 ball pythons
  5 bats
  5 giant newts
  3 kobolds
  2 rats
42 creatures vanquished.

Notes
Turn   | Place    | Note
--------------------------------------------------------------
     0 | D:1      | AlphabetPasta the Deep Dwarf Necromancer began the quest for the Orb.
     0 | D:1      | Reached XP level 1. HP: 15/15 MP: 3/3
   294 | D:1      | Reached XP level 2. HP: 22/22 MP: 1/5
   302 | D:1      | Learned a level 1 spell: Animate Skeleton
   936 | D:2      | Reached skill level 1 in Axes
  1056 | D:2      | Found a hide-covered altar to Ukayaw.
  1081 | D:2      | Found a sacrificial altar of Ru.
  1102 | D:2      | Reached skill level 5 in Necromancy
  1102 | D:2      | Reached XP level 3. HP: 28/28 MP: 0/6
  1160 | D:2      | Learned a level 3 spell: Vampiric Draining
  1299 | D:2      | Reached XP level 4. HP: 27/36 MP: 1/7
  2251 | D:3      | Noticed Purgy
  2310 | D:3      | Gained mutation: Armour fits poorly on your strangely shaped body. [potion of mutation]
  2310 | D:3      | Gained mutation: Your magical capacity is low. (-10% MP) [potion of mutation]
  2310 | D:3      | Gained mutation: You are frail. (-10% HP) [potion of mutation]
  2310 | D:3      | Slain by Purgy

Vault maps used:
D:1:      minmay_arrival_up_and_down, hex_large
D:2:      nicolae_overflow_hidden_temple, nicolae_ru_great_annihilating_truth
D:3:      nemelex_xobeh_ov_fountains_minmay, minitemple, uniq_purgy

Skill      XL: |  1  2 |
---------------+-------+-----
Spellcasting   | 2 |  2.5
Axes           | 1 |  1.9
Necromancy     | 5 |  5.5
Dodging        | |  2.1
Stealth        | |  2.4

Action                   |  1- 3 |  4- 6 || total
-------------------------+-------+-------++-------
Melee: Unarmed           |     1 |       ||     1
       Hand axe          |    10 |    53 ||    63
 Cast: Pain              |    47 |    23 ||    70
       Vampiric Draining |       |    10 ||    10
Evoke: Wand              |       |     5 ||     5
  Use: Potion            |       |     1 ||     1
 Stab: Paralysed         |     2 |       ||     2
       Invisible         |     1 |       ||     1
  Eat: Chunk             |     2 |     2 ||     4
       Meat ration       |       |     1 ||     1
Armor: Robe              |     2 |    17 ||    19
Dodge: Dodged            |    14 |    97 ||   111
